 Dungeon Crawl Stone Soup version 0.30-a0-715-gdb4ae3ece1 (webtiles) character file.

Game seed: 3723573099929164236

42 ragingrage the Slasher (level 3, -3/27 HPs)
             Began as a Demonspawn Warper on Jan 23, 2023.
             Slain by an orc priest
             ... wielding a +4 falchion
              (10 damage)
             ... on level 2 of the Dungeon.
             The game lasted 00:02:44 (1427 turns).

ragingrage the Slasher (Demonspawn Warper)          Turns: 1427, Time: 00:02:44

Health: -3/27      AC:  1    Str: 11    XL:     3   Next: 33%
Magic:  2/5        EV: 11    Int: 14    God:
Gold:   52         SH:  0    Dex: 14    Spells: 2/6 levels left

rFire   + . .      SeeInvis .    h - +0 dagger
rCold   + + .      Faith    .    (no shield)
rNeg    . . .      Spirit   .    f - +0 leather armour
rPois   .          Reflect  .    (no helmet)
rElec   .          Harm     .    m - scarf {rC+ rF+}
rCorr   .          Rampage  .    (no gloves)
Will    .....                    (no boots)
Stlth   +                        (no amulet)
HPRegen 0.24/turn                (no ring)
MPRegen 0.09/turn                (no ring)

@: brilliant, about to teleport
A: demonic magic 1, cold resistance 1, deformed body, low MP 1
a: no special abilities


You were on level 2 of the Dungeon.
You visited 1 branch of the dungeon, and saw 2 of its levels.

You collected 52 gold pieces.

Inventory:

Hand Weapons
 a - a +1 falchion
 b - a +0 sling
 h - a +0 dagger (weapon)
Missiles
 d - 4 boomerangs of dispersal (quivered)
 p - 3 boomerangs
 q - 2 poisoned darts
Armour
 f - a +0 leather armour (worn)
 m - a scarf of resistance (worn)
Jewellery
 j - a ring of ice
Scrolls
 c - a scroll of blinking
 k - a scroll of enchant weapon
 l - a scroll of enchant armour {unknown}
 n - 2 scrolls of identify {unknown}
 o - a scroll of poison {unknown}
Potions
 r - a potion of flight {unknown}


   Skills:
 - Level 2.0 Fighting
 + Level 3.4 Long Blades
 - Level 0.8 Throwing
 - Level 0.8 Armour
 - Level 1.7 Dodging
 + Level 0.4 Stealth
 - Level 2.0 Spellcasting
 - Level 2.6 Translocations


You had 2 spell levels left.
You knew the following spells:

 Your Spells              Type           Power      Damage    Failure   Level
a - Blink                 Tloc           26%        N/A       16%         2
b - Lesser Beckoning      Tloc           26%        N/A       16%         2

Your spell library contained the following spells:

 Spells                   Type           Power      Damage    Failure   Level
 Teleport Other           Tloc           13%        N/A       30%         3
 Vhi's Electric Charge    Tloc/Air       14%        N/A       47%         3
 Manifold Assault         Tloc           13%        N/A       71%         4


Dungeon Overview and Level Annotations

Branches:
Dungeon (2/15)

Altars:


Innate Abilities, Weirdness & Mutations

Spells you cast may paralyse adjacent enemies.
Your flesh is cold resistant. (rC+)
Armour fits poorly on your strangely shaped body.
Your magical capacity is low. (-10% MP)


Message History

Press: ? - help, Shift-Dir - straight line, f - you, p - orc priest That would be overly suicidal.
Okay, then.
Unknown command.
Casting: Lesser Beckoning (safe; 16% risk of failure)
Confirm with . or Enter, or press ? or * to list all spells.
Aiming: Lesser Beckoning (safe; 16% risk of failure)
Press: ? - help, Shift-Dir - straight line, f - orc priest
Aim: an orc priest, wielding a +4 falchion (100% to hit)
Nothing appears to happen.
Malevolent energies surge around you.
The orc priest suddenly stops moving!
h - a +0 dagger (weapon)
The orc priest is no longer paralysed.
The orc priest hits you with a +4 falchion!
You hit the orc priest.
The orc priest is lightly wounded.
The orc priest miscasts a cantrip.
You hit the orc priest but do no damage.
The orc priest is lightly wounded.
The orc priest hits you with a +4 falchion!
The orc priest attacks as you move away!
The orc priest hits you but does no damage.
The orc shouts!
There is a stone staircase leading up here.
As you read the scroll labelled ZUWEG LA EVIY, it crumbles to dust.
It is a scroll of enchant weapon.
Your +0 falchion glows red for a moment.
The orc priest closely misses you.
As you read the scroll labelled GOTTUS ENE, it crumbles to dust.
You feel strangely unstable.
It was a scroll of teleportation.
The orc priest hits you with a +4 falchion.
* * * LOW HITPOINT WARNING * * *
It was a potion of mutation.
You feel extremely strange.
Your body twists and deforms.
You feel less energetic.
You feel resistant to cold.
The orc priest casts a cantrip, but nothing happens.
It was a potion of brilliance.
You feel clever all of a sudden.
The orc priest hits you with a +4 falchion!
You die...

#...o...
#####.#####.###.#
##.........#.###.#
##.......##.#.##...
.........[....o...
#.......##o####...
#..#.##. #†# #...#
#..#.##.##.# #.###
#@o........# #.#
####.####### #.# .#
#####.### .#
#........ .#
#.###.##. .# #.#
#.##. ## #.# #.##.
#.# #.... #.######.


You could see an orc priest.

Vanquished Creatures
  A dart slug (D:1)
  2 orcs
  2 ball pythons (D:1)
  4 bats (D:1)
  An endoplasm (D:2)
  A giant cockroach (D:1)
  3 goblins (D:1)
  3 hobgoblins (D:1)
  6 quokkas (D:1)
  2 frilled lizards
  4 kobolds
  4 rats
33 creatures vanquished.

Notes
Turn   | Place    | Note
-------+----------+-------------------------------------------
     0 | D:1      | ragingrage the Demonspawn Warper began the quest for the
                  | Orb.
     0 | D:1      | Reached XP level 1. HP: 16/16 MP: 3/3
    50 | D:1      | Reached skill level 2 in Long Blades
   245 | D:1      | Gained mutation: Spells you cast may paralyse adjacent
                  | enemies. [demonic ancestry]
   245 | D:1      | Reached XP level 2. HP: 16/22 MP: 5/5
   359 | D:1      | HP: 1/22 [goblin/+0 club (2)]
   539 | D:1      | Reached skill level 3 in Long Blades
   804 | D:1      | Reached XP level 3. HP: 27/27 MP: 6/6
  1205 | D:2      | Learned a level 2 spell: Blink
  1208 | D:2      | Learned a level 2 spell: Lesser Beckoning
  1426 | D:2      | Gained mutation: Armour fits poorly on your strangely
                  | shaped body. [potion of mutation]
  1426 | D:2      | Gained mutation: Your magical capacity is low. (-10% MP)
                  | [potion of mutation]
  1426 | D:2      | Gained mutation: Your flesh is cold resistant. (rC+)
                  | [potion of mutation]
  1427 | D:2      | Slain by an orc priest

Illustrated notes

Levels and vault maps discovered:
D:1:      dpeg_arrival_round_a, layout_rooms, minmay_misc_feat_iff,
          minmay_heptomino_o4
D:2:      layout_loops_corners, basic_altar, uniq_jessica

Skill      XL: |  1  2 |
---------------+-------+-----
Long Blades    | 2 3 |  3.4
Fighting       | |  2.0
Throwing       | |  0.8
Armour         | |  0.8
Dodging        | |  1.7
Stealth        | |  0.4
Spellcasting   | |  2.0
Translocations | |  2.6

Action                     || total
---------------------------++-------
  Melee: Falchion          ||   153
         Punch             ||     1
         Dagger            ||     2
  Throw: Boomerang         ||     3
   Cast: Lesser Beckoning  ||     2
    Use: Scroll            ||     2
         Potion            ||     2
 Armour: Leather armour    ||    59
  Dodge: Dodged            ||   133

Table legend: (Time is in decaauts)
 A = Elapsed time spent in this place.
 B = Non-inter-level travel time spent in this place.
 C = Inter-level travel time spent in this place.
 D = Time resting spent in this place.
 E = Time spent auto-exploring this place.
 F = Levels seen in this place.
 G = Mean time per level.
                   A        B        C        D        E       F      G
               +--------+--------+--------+--------+--------+-----+--------+
         Total |   1452 |   1363 |     89 |    266 |    532 |   2 |  726.0 |
       Dungeon |   1452 |   1363 |     89 |    266 |    532 |   2 |  726.0 |
               +--------+--------+--------+--------+--------+-----+--------+

Top non-repeatable levels by time:
     D:1: 1140 daAuts
     D:2: 312 daAuts
